 Dungeon Crawl Stone Soup version 0.18.1-50-g88ac8fd (webtiles) character file.

55976 Amnesiac the Grand Gadgeteer (level 14, -1/84 HPs)
             Began as a Deep Elf Fighter on Feb 28, 2018.
             Was the Champion of Pakellas.
             Hit by a large rock thrown by a stone giant (45 damage)
             ... on level 1 of the Depths.
             The game lasted 01:02:56 (14703 turns).

Amnesiac the Grand Gadgeteer (Deep Elf Fighter)    Turns: 14703, Time: 01:02:56

Health: -1/84      AC: 18    Str: 19    XL:     14   Next: 40%
Magic:  14/19      EV: 18    Int: 15    God:    Pakellas [******]
Gold:   1667       SH: 11    Dex: 13    Spells: 4 memorised, 4 levels left

rFire  . . .     SeeInvis .     b - +2 rod of inaccuracy (5/12)
rCold  + . .     Gourm    .     Z - +1 ring mail of Minor Irritation {Regen+ rCorr MP-9 Slay+6}
rNeg   . . .     Faith    .     c - +0 shield
rPois  .         Spirit   .     (helmet restricted)
rElec  .         Dismiss  .     R - +0 cloak
rCorr  +         Reflect  .     e - +2 pair of gloves
SustAt .         Harm     .     (no boots)
MR     +....                    k - amulet of regeneration
Stlth  +.........               F - ring of protection from cold
                                d - ring of wizardry

@: somewhat resistant to hostile enchantments, very unstealthy
A: beak, rough black scales 1, thin metallic scales 1, blink, slow regeneration
1, strong 1
a: Blink, Quick Charge, Device Surge, Supercharge, Renounce Religion


You were on level 1 of the Depths.
You worshipped Pakellas.
Pakellas was exalted by your worship.
You were not hungry.

You visited 3 branches of the dungeon, and saw 17 of its levels.
You also visited: Ice Cave.

You collected 1667 gold pieces.

Inventory:

Hand Weapons
 a - the +7 captain's cutlass {speed, disarm}
   (You found it on level 13 of the Dungeon)

   Attacks with this weapon are significantly faster.
 w - a +0 blowgun
 B - a +0 short sword of electrocution
Missiles
 j - 561 stones (quivered)
 m - 2 throwing nets
 y - 35 poisoned needles
 S - 8 curare-tipped needles
Armour
 c - a +0 shield (worn)
 e - a +2 pair of gloves (worn)
 t - the +0 helmet of Refuge {rPois MR+}
   (You found it on level 4 of the Dungeon)

   It protects you from poison.
   It affects your resistance to hostile enchantments.
 R - a +0 cloak (worn)
 Z - the +1 ring mail of Minor Irritation (worn) {Regen+ rCorr MP-9 Slay+6}
   (You found it on level 9 of the Dungeon)

   It affects your accuracy and damage with ranged weapons and melee attacks
   (+6).
   It affects your magic capacity (-9).
   It increases your rate of regeneration.
   It protects you from acid and corrosion.
Rods
 b - a +2 rod of inaccuracy (5/12) (in hand)
   (Pakellas gifted it to you on level 8 of the Dungeon)
Jewellery
 d - a ring of wizardry (left hand)
 k - an amulet of regeneration (around neck)
 z - an uncursed ring of flight
 F - a ring of protection from cold (right hand)
 N - the amulet "Tul Nary" {Dismiss rF++ rC-}
   (You found it on level 10 of the Dungeon)

   [amulet of dismissal]

   It may teleport away creatures that harm you.
   It greatly protects you from fire.
   It makes you vulnerable to cold.
 P - an uncursed amulet of rage
Wands
 l - a wand of random effects (33/48)
 p - a wand of acid (6/15)
 s - a wand of disintegration (6/24)
 H - a wand of slowing (39/48)
 K - a wand of random effects (12/48)
 L - a wand of lightning (2/15)
 Q - a wand of polymorph (9/24)
 U - a wand of flame (0/48)
 Y - a wand of paralysis (0/24)
Scrolls
 g - a scroll of magic mapping {!r}
 h - 9 scrolls of remove curse {!r}
 n - a scroll of fog {!r}
 o - 2 scrolls of enchant armour {!r}
 q - 5 scrolls of teleportation {!r}
 u - 4 scrolls of enchant weapon {!r}
 G - a scroll of identify {!r}
 M - 3 scrolls of fear {!r}
Potions
 i - 3 potions of heal wounds {!q}
 r - 2 potions of lignification {!q}
 x - 2 potions of might {!q}
 A - 2 potions of cure mutation {!q}
 D - 2 potions of cancellation {!q}
 J - 2 potions of ambrosia {!q}
 T - 4 potions of curing {!q}
 W - 3 potions of magic {!q}
Miscellaneous
 v - 3 phantom mirrors
 C - a sack of spiders {used: 7}
 O - a lamp of fire
Comestibles
 f - 10 bread rations
 E - 9 chunks of flesh
 I - 6 meat rations


   Skills:
 + Level 8.8 Fighting
 - Level 8.0 Short Blades
 + Level 8.8 Armour
 - Level 15.0 Dodging
 + Level 8.8 Shields
 + Level 17.1 Evocations


You had 4 spell levels left.
You knew the following spells:

 Your Spells              Type           Power        Failure   Level  Hunger
a - Sticks to Snakes      Trmt           #.......     71%         2    ###....
b - Cure Poison           Pois           #.........   71%         2    ###....
e - Mephitic Cloud        Conj/Pois/Air  #.......     92%         3    ####...
z - Confusing Touch       Hex            #.....       71%         2    ###....


Dungeon Overview and Level Annotations

Branches:
Dungeon (15/15)            Temple (1/1) D:4            Lair (0/8) D:8
    Orc (0/2) D:9          Vaults (0/5) D:14         Depths (1/5) D:15

Altars:
Ashenzari
Cheibriados
Dithmenos
Elyvilon
Fedhas
Gozag
Kikubaaqudgha
Makhleb
Nemelex Xobeh
Okawaru
Pakellas
Qazlal
Ru
Sif Muna
Trog
Vehumet
Xom
Yredelemnul
Zin
The Shining One

Shops:
D:9 =   D:15 =


Innate Abilities, Weirdness & Mutations

You have a beak for a mouth.
You are partially covered in rough black scales (AC +4, Dex -1).
You are partially covered in thin metallic scales (AC +2).
You can translocate small distances at will.
You regenerate slowly when monsters are visible.
Your muscles are strong. (Str +2)


Message History

b - a +2 rod of inaccuracy (2/12) (in hand) Wield which item (- for none, * to show all)? (? for menu, Esc to quit)
You feel a cutthroat vibe.
a - the +7 captain's cutlass (weapon)
{speed, disarm} You hit the centaur.
The captain's cutlass flashes!
You lacerate the centaur!!
The centaur's uncursed shortbow falls to the floor!
You kill the centaur!
Pakellas accepts your kill.
You feel your power returning.
The rakshasa hits you but does no damage.
The rakshasa completely misses you.
There is an open door, spattered with blood here.
You see here 15 arrows.
You closely miss the rakshasa. You miss the rakshasa. You peck the rakshasa.
The rakshasa is lightly wounded.
You block the rakshasa's attack.
You slash the rakshasa!
The rakshasa is lightly wounded.
You slash the rakshasa!
The rakshasa is moderately wounded.
The rakshasa gestures at you. The orb of energy hits you!
The orb of energy explodes!
You puncture the rakshasa!
You peck the rakshasa, but do no damage.
The rakshasa is heavily wounded.
Some of the chunks of flesh in your inventory have rotted away.
You puncture the rakshasa!
The captain's cutlass flashes!
You lacerate the rakshasa!!
The rakshasa's uncursed trident falls to the floor!
You kill the rakshasa!
Pakellas accepts your kill.
You feel your power returning.
Found a scroll of noise.
Items here: (( )) [ ††
Found a bread ration.
Found a stone staircase leading down.
Things that are here:
19 arrows; an enchanted shortbow; a centaur corpse You butcher the centaur corpse.
E - 9 chunks of flesh (gained 3)
Things that are here:
19 arrows; an enchanted shortbow
Things that are here:
12 arrows; a shortbow
f - 10 bread rations (gained 1)
You open the door.
A stone giant comes into view.
The stone giant shouts!
The stone giant throws a large rock.
The large rock hits you but does no damage.
A stone giant is nearby!
Evoke which item? (* to show all) (? for menu, Esc to quit)
Okay, then.
Wield which item (- for none, * to show all)? (? for menu, Esc to quit)
b - a +2 rod of inaccuracy (4/12) (in hand)
The stone giant throws a large rock.
The large rock hits you!!!
You see here a large rock.
The stone giant throws a large rock.
The large rock completely misses you.
Items here: ((( )) [ †† The stone giant throws a large rock.
The large rock hits you!!!
Ouch! That really hurt!
You die...
Pakellas says: Back to the drawing board!

#...##.>#
#...#...# ##
+#...#..###
#.###.....###.#
#..?..........#
#....(.♣......#
#.............#
#####((..C#####
##.@#(..#'.#
#.).#...#..C#
#<.##...##..#
#####...# ###
#####


You could see a stone giant.

Vanquished Creatures
  A lich (Depths:1)
  Rupert (D:13)
  Nessos (D:14)
  Azrael (D:14)
  A dire elephant (D:15)
  4 vault guards
  Erolcha (D:13)
  3 hydras
  A rakshasa (Depths:1)
  The ghost of Amnesiac the Hand of Fortune, a journeyman DEFi of Nemelex Xobeh (D:12)
  2 ice dragons (IceCv)
  3 centaur warriors
  A tengu warrior (D:13)
  A death yak (D:8)
  Nergalle (D:10)
  3 unseen horrors
  5 hill giants
  Pikel (D:7)
  8 ugly things
  2 manticores
  3 cyclopes
  A salamander (D:15)
  Maurice (D:11)
  2 ice statues (IceCv)
  5 centaur zombies
  A spiny frog (shapeshifter) (D:15)
  2 gargoyles (D:14)
  A kobold demonologist (D:11)
  2 komodo dragons
  A yaktaur (Depths:1)
  4 trolls
  2 two-headed ogres
  A polar bear (D:8)
  8 slime creatures
  Sigmund (D:2)
  2 shadows
  2 wraiths
  A spriggan (D:11)
  4 wyverns
  4 fire elementals (D:14)
  22 yaks
  A basilisk (D:15)
  6 hogs
  2 hippogriffs
  2 hungry ghosts
  A vampire mosquito (D:14)
  Edmund (D:5)
  Menkaure (D:4)
  2 hell hounds (D:14)
  19 ice beasts
  2 necrophages
  4 orc warriors
  3 sky beasts
  2 slaves (D:7)
  9 black bears
  3 phantoms
  6 ogres
  8 centaurs
  2 big kobolds
  2 crocodiles
  7 giant frogs
  A wyvern skeleton (D:12)
  6 scorpions
  5 killer bees (D:9)
  10 wights
  11 crimson imps
  A quasit (D:13)
  2 giant frog zombies
  8 orc priests
  2 hounds
  3 jellies
  Ijyb (D:2)
  14 orc wizards
  5 centaur skeletons
  3 giant frog skeletons
  Jessica (D:3)
  3 iguanas
  10 worker ants
  A sheep (D:8)
  A hound zombie (D:10)
  2 hound skeletons
  A worker ant zombie (D:6)
  4 gnolls (D:5)
  17 adders
  2 shadow imps
  12 white imps (D:13)
  3 adder zombies (D:7)
  5 worms
  2 dart slugs
  5 giant geckos
  49 orcs
  13 bats
  8 giant cockroaches
  18 goblins
  6 hobgoblins
  17 jackals
  18 kobolds
  2 quokkas (D:4)
  A ball python (D:5)
  3 giant newts
  A jackal skeleton (D:4)
  A quokka skeleton (D:4)
  10 rats
483 creatures vanquished.

Vanquished Creatures (collateral kills)
  Kirke (D:15)
  A hydra (D:12)
  A death yak (D:8)
  A hill giant (D:12)
  A cyclops (D:11)
  2 polar bears (D:8)
  A sky beast (D:12)
  2 ice beasts
10 creatures vanquished.

Vanquished Creatures (others)
  A slave (D:7)
  A sky beast (D:14)
  A hound (D:12)
3 creatures vanquished.

Grand Total: 496 creatures vanquished

Notes
Turn   | Place    | Note
--------------------------------------------------------------
     0 | D:1      | Amnesiac the Deep Elf Fighter began the quest for the Orb.
     0 | D:1      | Reached XP level 1. HP: 13/13 MP: 3/3
    39 | D:1      | Reached skill level 1 in Dodging
   155 | D:2      | Reached XP level 2. HP: 15/18 MP: 4/4
   421 | D:3      | Noticed Jessica
   457 | D:2      | Found a deep blue altar of Sif Muna.
   554 | D:2      | Reached XP level 3. HP: 19/22 MP: 5/5
   848 | D:3      | Reached XP level 4. HP: 20/27 MP: 6/6
   874 | D:3      | Killed Jessica
   880 | D:3      | Noticed a phantom
   937 | D:3      | Killed a phantom
   937 | D:3      | Reached XP level 5. HP: 24/32 MP: 7/7
   975 | D:3      | Found an iron altar of Okawaru.
  1137 | D:4      | Noticed Menkaure
  1144 | D:4      | Killed Menkaure
  1144 | D:4      | Reached XP level 6. HP: 21/38 MP: 8/8
  1360 | D:4      | Got a steaming helmet
  1366 | D:4      | Identified the cursed +0 helmet of Refuge {rPois MR+} (You found it on level 4 of the Dungeon)
  1473 | D:4      | Reached skill level 2 in Evocations
  1584 | D:4      | Found a staircase to the Ecumenical Temple.
  1593 | Temple   | Entered the Ecumenical Temple
  1659 | Temple   | Became a worshipper of Pakellas the Inventive
  2806 | D:2      | Noticed Sigmund
  2819 | D:2      | Killed Sigmund
  2819 | D:2      | Reached * piety under Pakellas
  2819 | D:2      | Received a gift from Pakellas
  2819 | D:2      | Reached skill level 4 in Evocations
  2819 | D:2      | Reached XP level 7. HP: 29/43 MP: 12/12
  3272 | D:2      | Noticed Ijyb
  3329 | D:2      | Killed Ijyb
  3452 | D:3      | Reached ** piety under Pakellas
  3452 | D:3      | Received a gift from Pakellas
  3471 | D:3      | Reached skill level 5 in Evocations
  3552 | D:3      | Found a shadowy altar of Dithmenos.
  4120 | D:5      | Entered Level 5 of the Dungeon
  4387 | D:5      | Noticed Edmund
  4411 | D:5      | Reached XP level 8. HP: 48/48 MP: 13/13
  4422 | D:5      | Reached skill level 5 in Short Blades
  4432 | D:5      | Killed Edmund
  4728 | D:6      | Reached *** piety under Pakellas
  4728 | D:6      | Received a gift from Pakellas
  5319 | D:6      | Found a basalt altar of Yredelemnul.
  5386 | D:6      | Found a blossoming altar of Fedhas.
  5864 | D:7      | Reached **** piety under Pakellas
  5864 | D:7      | Received a gift from Pakellas
  5959 | D:7      | Reached skill level 6 in Evocations
  5959 | D:7      | Reached XP level 9. HP: 14/52 MP: 15/15
  6041 | D:7      | Found a snail-covered altar of Cheibriados.
  6223 | D:7      | Noticed Pikel
  6250 | D:7      | Killed Pikel
  6250 | D:7      | Reached skill level 7 in Evocations
  6481 | D:7      | Reached skill level 8 in Evocations
  6647 | D:8      | Found a shimmering altar of Xom.
  6650 | D:8      | Noticed an angel
  6651 | D:8      | Found a glowing silver altar of Zin.
  6688 | D:8      | Found a huge runed gate.
  6688 | D:8      | Found a huge runed gate.
  6688 | D:8      | Found a huge runed gate.
  6688 | D:8      | Noticed a polar bear
  6689 | D:8      | Noticed a death yak
  6692 | D:8      | Noticed a polar bear
  6694 | D:8      | Noticed a death yak
  6694 | D:8      | Noticed a polar bear
  6695 | D:8      | Learned a level 2 spell: Sticks to Snakes
  6695 | D:8      | Found a huge runed gate.
  6695 | D:8      | Noticed a polar bear
  6787 | D:8      | Found a staircase to the Lair.
  6914 | D:8      | Reached skill level 9 in Evocations
  7180 | D:8      | Reached skill level 5 in Dodging
  7204 | D:8      | Killed a death yak
  7237 | D:8      | Reached skill level 5 in Shields
  7237 | D:8      | Reached XP level 10. HP: 38/56 MP: 18/18
  7277 | D:8      | Killed a death yak
  7277 | D:8      | Reached skill level 5 in Fighting
  7317 | D:8      | Reached ***** piety under Pakellas
  7317 | D:8      | Received a gift from Pakellas
  7330 | D:7      | Identified a scroll of acquirement {!r}
  7331 | D:7      | Identified a manual of Dodging (You acquired it on level 7 of the Dungeon)
  7588 | D:8      | Identified a +2 rod of inaccuracy (12/12) (Pakellas gifted it to you on level 8 of the Dungeon)
  7613 | D:9      | Reached skill level 10 in Dodging
  7713 | D:9      | Found a staircase to the Orcish Mines.
  7789 | D:9      | Found an ancient bone altar of Kikubaaqudgha.
  7835 | D:9      | Found Yppy's Jewellery Shoppe.
  8086 | D:9      | Gained mutation: You are partially covered in rough black scales (AC +4, Dex -1). [mutagenic meat]
  8362 | D:9      | Got a warped ring mail
  8373 | D:9      | Identified the cursed +1 ring mail of Minor Irritation {Regen+ rCorr MP-9 Slay+6} (You found it on level 9 of the Dungeon)
  8405 | D:10     | Entered Level 10 of the Dungeon
  8459 | D:10     | Noticed Nergalle
  8468 | D:10     | Killed Nergalle
  8493 | D:10     | Learned a level 3 spell: Mephitic Cloud
  8496 | D:10     | Learned a level 2 spell: Cure Poison
  8497 | D:10     | Gained mutation: You regenerate slowly when monsters are visible. [mutagenic meat]
  8498 | D:10     | Gained mutation: You are partially covered in molten scales (AC +1). [mutagenic meat]
  8499 | D:10     | Gained mutation: You are partially covered in thin metallic scales (AC +2). [mutagenic meat]
  8500 | D:10     | Gained mutation: You have sharp toenails. [mutagenic meat]
  8731 | D:10     | Reached XP level 11. HP: 51/63 MP: 19/19
  8748 | D:10     | Got a scorched lead amulet
  8750 | D:10     | Identified the amulet "Tul Nary" {Dismiss rF++ rC-} (You found it on level 10 of the Dungeon)
  8965 | D:10     | Gained mutation: Your muscles are strong. (Str +2) [mutagenic meat]
  8966 | D:10     | Lost mutation: You have sharp toenails. [mutagenic meat]
  8967 | D:10     | Gained mutation: You have a beak for a mouth. [mutagenic meat]
  8969 | D:10     | Gained mutation: You are robust (+10% HP). [mutagenic meat]
  9272 | D:11     | Learned a level 2 spell: Confusing Touch
  9325 | D:11     | Noticed a brown ugly thing
  9338 | D:11     | Killed a brown ugly thing
  9338 | D:11     | Reached skill level 15 in Dodging
  9401 | D:11     | Reached skill level 5 in Armour
  9465 | D:11     | Noticed Maurice
  9503 | D:11     | Killed Maurice
  9566 | D:11     | Killed an unseen horror
  9566 | D:11     | Reached ****** piety under Pakellas
  9669 | D:11     | Killed an unseen horror
  9688 | D:11     | Noticed a hill giant
  9690 | D:11     | Noticed a six-headed hydra
  9703 | D:11     | Killed a hill giant
  9722 | D:11     | Killed a six-headed hydra
  9866 | D:12     | Noticed a hill giant
  9911 | D:12     | Killed a hill giant
 10044 | D:12     | Noticed a hill giant
 10058 | D:12     | Killed a hill giant
 10143 | D:12     | Reached XP level 12. HP: 76/77 MP: 20/20
 10159 | D:12     | Noticed a five-headed hydra
 10168 | D:12     | Killed a five-headed hydra
 10446 | D:12     | Noticed Amnesiac's ghost (journeyman DEFi)
 10547 | D:12     | Killed Amnesiac's ghost
 10865 | D:12     | Reached skill level 10 in Evocations
 10933 | D:13     | Noticed a centaur warrior
 10953 | D:13     | Killed a centaur warrior
 10953 | D:13     | Reached skill level 11 in Evocations
 11019 | D:13     | Reached skill level 12 in Evocations
 11184 | D:13     | Noticed Erolcha
 11208 | D:13     | Killed Erolcha
 11208 | D:13     | Reached skill level 13 in Evocations
 11235 | D:13     | Found a frozen archway.
 11278 | IceCv    | Entered an ice cave
 11290 | IceCv    | Reached skill level 14 in Evocations
 11576 | IceCv    | Reached skill level 15 in Evocations
 11624 | IceCv    | Noticed an ice dragon
 11625 | IceCv    | Noticed an ice dragon
 11633 | IceCv    | Killed an ice dragon
 11639 | IceCv    | Killed an ice dragon
 11801 | D:13     | Found an oddly glowing altar of Pakellas.
 11892 | D:13     | Noticed a tengu warrior
 11901 | D:13     | Killed a tengu warrior
 11903 | D:13     | Reached XP level 13. HP: 77/83 MP: 8/26
 11964 | D:14     | Noticed Rupert
 12020 | D:13     | Killed Rupert
 12020 | D:13     | Reached skill level 16 in Evocations
 12118 | D:14     | Noticed Nessos
 12126 | D:14     | Killed Nessos
 12246 | D:14     | You fall through a shaft!
 12246 | D:15     | Entered Level 15 of the Dungeon
 12292 | D:15     | Found a staircase to the Depths.
 12292 | D:15     | Noticed a dire elephant
 12322 | D:15     | Killed a dire elephant
 12385 | D:15     | Found Efaa's Jewellery Emporium.
 12622 | D:14     | Got a crystal mace
 12656 | D:14     | Noticed Azrael
 12905 | D:14     | Killed Azrael
 12906 | D:14     | Noticed a vault guard
 12919 | D:14     | Killed a vault guard
 12932 | D:14     | Noticed a vault guard
 13094 | D:13     | Killed a vault guard
 13127 | D:14     | Noticed a vault guard
 13138 | D:14     | Killed a vault guard
 13164 | D:14     | Noticed a vault guard
 13166 | D:14     | Found a gate to the Vaults.
 13177 | D:14     | Killed a vault guard
 13231 | D:14     | Reached XP level 14. HP: 92/92 MP: 16/28
 13430 | D:15     | Identified the +8 mace "Enahihe" {flame, rF+ Str-3 Int-3 Dex+10} (You found it on level 14 of the Dungeon)
 13717 | D:15     | Noticed Kirke
 14060 | D:15     | Lost mutation: You are robust (+10% HP). [mutagenic meat]
 14289 | D:15     | Found a sacrificial altar of Ru.
 14351 | D:15     | Killed Kirke
 14351 | D:15     | Reached skill level 17 in Evocations
 14539 | D:12     | Gained mutation: You can translocate small distances at will. [potion of mutation]
 14539 | D:12     | Lost mutation: You are partially covered in molten scales (AC +1). [potion of mutation]
 14626 | Depths:1 | Entered Level 1 of the Depths
 14630 | Depths:1 | Noticed a lich
 14640 | Depths:1 | Killed a lich
 14697 | Depths:1 | Noticed a stone giant
 14703 | Depths:1 | Hit by a large rock thrown by a stone giant

Skill      XL: |  1  2  3  4  5  6  7  8  9 10 11 12 13 14 |
---------------+-------------------------------------------+-----
Dodging        | 2 3 4 5 13 15 | 15.0
Fighting       | 3 4 5 6 7 8 |  8.8
Armour         | 3 4 7 8 |  8.8
Evocations     | 4 5 6 9 15 16 17 | 17.1
Short Blades   | 4 8 |  8.0
Shields        | 5 6 7 8 |  8.8

Action                   |  1- 3 |  4- 6 |  7- 9 | 10-12 | 13-15 || total
-------------------------+-------+-------+-------+-------+-------++-------
Melee: Rapier            |   182 |   182 |       |       |       ||   364
       Unarmed           |       |    11 |     8 |       |    35 ||    54
       Dagger            |       |    11 |   744 |   377 |       ||  1132
       Short sword       |       |       |       |   431 |       ||   431
       Kick              |       |       |       |    24 |       ||    24
       Peck              |       |       |       |   122 |    91 ||   213
       Cutlass           |       |       |       |   154 |   372 ||   526
Throw: Stone             |       |     9 |       |       |       ||     9
Invok: Quick Charge      |       |       |       |     3 |     5 ||     8
       Device Surge      |       |       |       |     2 |     5 ||     7
Evoke: Wand              |       |     2 |    29 |    48 |    30 ||   109
       Sack of spiders   |       |       |     2 |     4 |     1 ||     7
       Lamp of fire      |       |       |       |     2 |       ||     2
       Rod               |       |       |       |     4 |    16 ||    20
       Phantom mirror    |       |       |       |       |     2 ||     2
  Use: Potion            |     1 |     4 |     1 |     4 |     2 ||    12
       Scroll            |       |     6 |     8 |     9 |     3 ||    26
 Stab: Held in net/web   |       |       |     1 |       |       ||     1
       Distracted        |       |       |     1 |       |       ||     1
       Paralysed         |       |       |       |    27 |    42 ||    69
  Eat: Chunk             |       |     6 |    16 |    18 |    12 ||    52
       Fruit             |       |       |       |     4 |       ||     4
       Royal jelly       |       |       |       |     2 |       ||     2
       Beef jerky        |       |       |       |     2 |       ||     2
       Pizza             |       |       |       |     1 |       ||     1
Armor: Scale mail        |   102 |    73 |   164 |       |       ||   339
       Skin              |       |     7 |       |    15 |       ||    22
       Chain mail        |       |       |    13 |   150 |       ||   163
       Plate armour      |       |       |       |    30 |       ||    30
       Ring mail         |       |       |       |   153 |    71 ||   224
Dodge: Dodged            |    70 |    64 |   174 |   311 |   139 ||   758
Block: Shield            |    94 |    82 |   219 |   325 |   113 ||   833
